 Dungeon Crawl Stone Soup version 0.21-a0-404-g291f19a (webtiles) character file.

707 sagitran the Slasher (level 7, -1/46 HPs)
             Began as a Demonspawn Gladiator on Oct 29, 2017.
             Slain by doMalho's ghost (13 damage)
             ... on level 5 of the Dungeon.
             The game lasted 00:29:31 (4731 turns).

sagitran the Slasher (Demonspawn Gladiator)         Turns: 4731, Time: 00:29:31

Health: -1/46      AC: 10    Str: 20 (21) XL:     7   Next: 40%
Magic:  0/7        EV: 13    Int:  8 (9)  God:
Gold:   198        SH:  0    Dex: 17      Spells: 6/6 levels left

rFire    . . .     SeeInvis .   y - +7 flail "Leviticus" {speed, rElec rN+}
rCold    . . .     Gourm    .   (no shield)
rNeg     + . .     Faith    .   k - +0 ring mail
rPois    .         Spirit   +   (helmet restricted)
rElec    +         Reflect  .   (no cloak)
rCorr    .         Harm     .   (no gloves)
MR       .....                  x - +2 pair of boots
Stlth    +.........             (no amulet)
HPRegen  0.15/turn              (no ring)
MPRegen  0.10/turn              p - +4 ring of dexterity

@: mighty
A: horns 1, talons 1, iridescent scales 1, blurry vision 1, clumsy 1,
deterioration 1, frail 1, magic shield
a: no special abilities


You were on level 5 of the Dungeon.
You were not hungry.

You visited 2 branches of the dungeon, and saw 6 of its levels.

You collected 198 gold pieces.

Inventory:

Hand Weapons
 a - a +0 long sword
 y - the +7 flail "Leviticus" (weapon) {speed, rElec rN+}
   (You found it on level 4 of the Dungeon)

   Attacks with this weapon are significantly faster.
   It insulates you from electricity.
   It protects you from negative energy.
Missiles
 d - 3 throwing nets
 m - 13 tomahawks (quivered)
 o - 4 tomahawks of returning
 B - 2 javelins
Armour
 b - a +0 leather armour
 k - a +0 ring mail (worn)
 x - a +2 pair of boots (worn)
 C - the +8 plate armour "Keoloas" {Slay+2, unknown}
   (You found it on level 5 of the Dungeon)

   It affects your accuracy and damage with ranged weapons and melee attacks
   (+2).
Jewellery
 p - a +4 ring of dexterity (right hand)
Wands
 j - a wand of digging (15/24)
 t - a wand of enslavement (16/24)
 A - a wand of flame (22/48)
Scrolls
 c - a scroll of blinking {unknown}
 e - 2 scrolls of teleportation
 h - 3 scrolls of remove curse
 l - 2 scrolls of immolation
 v - a scroll of magic mapping {unknown}
 z - a scroll of enchant armour {unknown}
Potions
 g - a potion of agility
 n - a potion of brilliance
 u - a potion of might
Comestibles
 f - 5 bread rations
 i - 7 fruits
 s - a royal jelly


   Skills:
 + Level 3.1 Fighting
 + Level 5.0 Long Blades
 * Level 2.5 Maces & Flails
 + Level 2.7 Throwing
 + Level 2.6 Armour
 + Level 4.0 Dodging
 + Level 0.8 Stealth


You had 6 spell levels left.
You didn't know any spells.

Dungeon Overview and Level Annotations

Branches:
Dungeon (5/15)             Temple (1/1) D:4

Altars:
Ashenzari
Cheibriados
Dithmenos
Elyvilon
Fedhas
Gozag
Hepliaklqana
Kikubaaqudgha
Makhleb
Nemelex Xobeh
Okawaru
Qazlal
Ru
Sif Muna
Trog
Uskayaw
Vehumet
Wu Jian
Xom
Zin
The Shining One

Shops:
D:5 %

Annotations:
D:5 doMalho's ghost, novice TrMo


Innate Abilities, Weirdness & Mutations

You have a pair of small horns on your head.
You are partially covered in iridescent scales. (AC +2)
When hurt, damage is shared between your health and your magic reserves.
You have sharp toenails.
Scrolls take you a little longer to read.
You are clumsy. (Dex -2)
Your body sometimes deteriorates upon taking damage.
You are frail. (-10% HP)


Message History

DoMalho's ghost is severely damaged.
DoMalho's ghost hits you!
* * * LOW HITPOINT WARNING * * *
You feel better.
DoMalho's ghost hits you but does no damage.
You sock doMalho's ghost! You headbutt doMalho's ghost.
DoMalho's ghost is almost destroyed.
DoMalho's ghost hits you!
* * * LOW HITPOINT WARNING * * *
Okay, then.
You closely miss doMalho's ghost.
You headbutt doMalho's ghost, but do no damage.
DoMalho's ghost is almost destroyed.
DoMalho's ghost hits you but does no damage.
You barely miss doMalho's ghost. Your headbutt misses doMalho's ghost.
DoMalho's ghost is almost destroyed.
You barely miss doMalho's ghost.
DoMalho's ghost is almost destroyed.
DoMalho's ghost hits you!
You die...

.> #. #.## ####
#####..( ..# #...w
... ...## ..#
#...[ #.. ... ..#
#.....#.# #W# ..
#.....#.####@# .#
#............#
.##.#.....#.####$#
............# #.#
.##.........# ###
.# ####....#
>##########.#
.....(......#
#############


You could see doMalho's ghost.

Vanquished Creatures
  A sky beast (D:5)
  A scorpion (D:4)
  4 wights
  A crimson imp (D:5)
  2 orc wizards (D:4)
  An orc priest (D:4)
  A centaur skeleton (D:4)
  A bullfrog skeleton (D:4)
  A worker ant (D:4)
  4 adders
  7 gnolls
  A shadow imp (D:5)
  2 worms (D:2)
  2 dart slugs (D:1)
  2 leopard geckos
  11 orcs
  A ball python (D:2)
  10 bats
  7 giant cockroaches
  4 goblins
  4 hobgoblins
  2 quokkas
  7 frilled lizards
  3 kobolds
  A leopard gecko skeleton (D:4)
  A quokka skeleton (D:4)
  11 rats
93 creatures vanquished.

Notes
Turn   | Place    | Note
-------+----------+-------------------------------------------
     0 | D:1      | sagitran the Demonspawn Gladiator began the quest for the Orb.
     0 | D:1      | Reached XP level 1. HP: 16/16 MP: 1/1
   161 | D:1      | Gained mutation: When hurt, damage is shared between your health and your magic reserves. [demonic ancestry]
   161 | D:1      | Reached XP level 2. HP: 22/22 MP: 2/2
   179 | D:1      | Reached skill level 3 in Long Blades
   613 | D:1      | Gained mutation: You have a pair of small horns on your head. [demonic ancestry]
   613 | D:1      | Reached XP level 3. HP: 27/27 MP: 3/3
   904 | D:2      | Found a sparkling altar of Nemelex Xobeh.
  1410 | D:2      | Reached XP level 4. HP: 25/33 MP: 2/4
  2253 | D:3      | Reached skill level 1 in Armour
  2611 | D:3      | Gained mutation: You are partially covered in iridescent scales. (AC +2) [demonic ancestry]
  2611 | D:3      | Reached XP level 5. HP: 37/39 MP: 3/5
  2843 | D:3      | Reached skill level 4 in Long Blades
  3204 | D:3      | Reached XP level 6. HP: 27/46 MP: 2/6
  3743 | D:4      | Got an ichor-stained flail
  3744 | D:4      | Identified the +7 flail "Leviticus" {speed, rElec rN+} (You found it on level 4 of the Dungeon)
  3908 | D:4      | Reached skill level 5 in Long Blades
  4112 | D:4      | Found a staircase to the Ecumenical Temple.
  4232 | D:4      | Reached skill level 1 in Maces & Flails
  4242 | D:4      | Reached XP level 7. HP: 51/51 MP: 7/7
  4277 | Temple   | Entered the Ecumenical Temple
  4535 | D:5      | Entered Level 5 of the Dungeon
  4548 | D:5      | Found Dohinom's Food Boutique.
  4582 | D:5      | Gained mutation: Scrolls take you a little longer to read. [mutagenic meat]
  4583 | D:5      | Gained mutation: You are frail. (-10% HP) [mutagenic meat]
  4584 | D:5      | Gained mutation: You have sharp toenails. [mutagenic meat]
  4585 | D:5      | Gained mutation: You are clumsy. (Dex -2) [mutagenic meat]
  4586 | D:5      | Gained mutation: Your body sometimes deteriorates upon taking damage. [mutagenic meat]
  4704 | D:5      | Got a steaming plate armour
  4706 | D:5      | Noticed doMalho's ghost (novice TrMo)
  4731 | D:5      | Slain by doMalho's ghost

Vault maps used:
D:1:      lightli_arrival_quake
D:2:      first_bread, lemuel_tele_altar
D:4:      minmay_temple_entry_fiery, nicolae_zen_rock_garden
D:5:      serial_shops, kennysheep_mini
Temple:   kilobyte_greek_temple

Skill      XL: |  1  2  3  4  5  6  7 |
---------------+----------------------+-----
Dodging        | 3 4 |  4.0
Long Blades    | 3 4 5 |  5.0
Throwing       | 2 |  2.7
Armour         | 1 2 |  2.6
Maces & Flails | 1 2 |  2.5
Fighting       | 3 |  3.1
Stealth        | |  0.8

Action                   |  1- 3 |  4- 6 |  7- 9 || total
-------------------------+-------+-------+-------++-------
Melee: Long sword        |    87 |    77 |       ||   164
       Headbutt          |     8 |    27 |     9 ||    44
       Flail             |       |    33 |    32 ||    65
Throw: Tomahawk          |    25 |    16 |     1 ||    42
  Use: Potion            |       |     1 |     5 ||     6
       Scroll            |       |     3 |     6 ||     9
 Stab: Sleeping          |     1 |       |       ||     1
  Eat: Chunk             |     2 |     6 |     6 ||    14
       Fruit             |       |     1 |       ||     1
       Royal jelly       |       |     1 |       ||     1
Armor: Leather armour    |    31 |    13 |       ||    44
       Ring mail         |       |       |    10 ||    10
Dodge: Dodged            |    82 |    76 |     8 ||   166
       Rpst.: Long sword |    37 |    18 |       ||    55

Table legend:
 A = Spawn XP
 B = Non-spawn XP
 C = Spawn XP percentage of total XP
 D = Spawn monster count
 E = Non-spawn monster count
 F = Spawn count percentage of total count
 G = Total turns spent on level
                    A         B        C        D         E        F      G
               +---------+---------+-------+---------+---------+-------+---------
         Total |       0 |    1011 |   0.0 |       0 |      93 |   0.0 |  4731
               +---------+---------+-------+---------+---------+-------+---------
           D:1 |       0 |      46 |   0.0 |       0 |      26 |   0.0 |   835
           D:2 |       0 |     117 |   0.0 |       0 |      25 |   0.0 |  1314
           D:3 |       0 |     192 |   0.0 |       0 |      16 |   0.0 |   894
           D:4 |       0 |     461 |   0.0 |       0 |      22 |   0.0 |  1279
           D:5 |       0 |     195 |   0.0 |       0 |       4 |   0.0 |   196
               +---------+---------+-------+---------+---------+-------+---------
